 Dungeon Crawl Stone Soup version 0.17.0-22-g5edae84 (webtiles) character file.

333 JudasIscariot the Skirmisher (level 6, 0/49 HPs)
             Began as a Demonspawn Abyssal Knight on Nov 12, 2015.
             Was a Priest of Lugonu.
             Slain by a black bear (2 damage)
             ... on level 4 of the Dungeon.
             The game lasted 00:08:12 (2735 turns).

JudasIscariot the Skirmisher (DsAK)                 Turns: 2735, Time: 00:08:13

Health: 0/49       AC:  6    Str: 15    XL:     6   Next: 27%
Magic:  9/9        EV: 11    Int: 13    God:    Lugonu [***...]
Gold:   146        SH:  0    Dex: 12    Spells: 0 memorised, 5 levels left

rFire  . . .     SeeInvis .     u - +0 flail
rCold  . . .     Clarity  .     v - +0 ring mail
rNeg   . . .     SustAt   .     (no shield)
rPois  .         Gourm    .     (no helmet)
rElec  .         Spirit   .     r - +0 cloak
rCorr  .         Warding  .     (no gloves)
rMut   .         Stasis   .     (no boots)
MR     .....                    (no amulet)
Stlth  +.........               (no ring)
                                (no ring)

@: not resistant to hostile enchantments, very unstealthy
A: powered by death 2
a: Depart the Abyss, Bend Space, Banish, Renounce Religion


You were on level 4 of the Dungeon.
You worshipped Lugonu.
Lugonu was most pleased with you.
You were not hungry.

You visited 1 branch of the dungeon, and saw 4 of its levels.
You visited the Abyss 1 time.

You collected 146 gold pieces.

Inventory:

Hand Weapons
 a - a +1 mace
 u - a +0 flail (weapon)
Armour
 b - a +0 leather armour
 r - a +0 cloak (worn)
 v - a +0 ring mail (worn)
Scrolls
 d - a scroll of enchant armour {unknown}
 e - a scroll of recharging {unknown}
 f - 6 scrolls of remove curse {unknown}
 k - 5 scrolls of identify {unknown}
 o - a scroll of blinking {unknown}
 q - a scroll of noise {unknown}
 s - a scroll of teleportation {unknown}
 t - 2 scrolls of amnesia {unknown}
 x - a scroll of immolation {unknown}
Potions
 g - 2 potions of curing
 i - a potion of brilliance {unknown}
 m - a potion of flight {unknown}
 n - a potion of heal wounds {unknown}
 p - a potion of ambrosia {unknown}
 z - 2 potions of poison {unknown}
Comestibles
 c - 3 bread rations
 h - 3 meat rations
 j - 3 fruits
 l - 9 chunks of flesh
 w - a royal jelly


   Skills:
 * Level 4.5 Fighting
 * Level 3.0 Maces & Flails
 * Level 3.3 Armour
 + Level 2.0 Dodging
 * Level 4.1 Invocations


You had 5 spell levels left.
You didn't know any spells.

Dungeon Overview and Level Annotations

Branches:
Dungeon (4/15)
 Temple: D:4-7

Altars:
Dithmenos
Elyvilon
Nemelex Xobeh
Qazlal
Sif Muna
The Shining One

Annotations:
Abyss:1 Grinder


Innate Abilities, Weirdness & Mutations

You regenerate health from kills.


Message History

You hit the black bear.
The black bear is severely wounded.
The black bear barely misses you. The black bear claws you.
The black bear claws you.
The black bear goes berserk!
You hit the black bear.
The black bear is severely wounded.
The black bear barely misses you. x2
The black bear claws you.
You barely miss the black bear.
The black bear is severely wounded.
The black bear bites you. The black bear claws you. The black bear claws you.
The black bear bites you. The black bear claws you. The black bear claws you.
You hit the black bear.
The black bear is almost dead.
The black bear closely misses you. The black bear claws you.
* * * LOW HITPOINT WARNING * * *
The black bear closely misses you. The black bear bites you!
* * * LOW HITPOINT WARNING * * *
The black bear misses you. The black bear claws you.
You die...

#### ##..########
## ###.#.........
##%.#
####..###########
#.....##....##
#.%...h@..###
##...###### ##


You could see a black bear (berserk).

Vanquished Creatures
  An orc priest (D:4)
  4 adders
  3 gnolls (D:3)
  4 worms
  5 orcs
  8 bats
  4 giant cockroaches
  7 goblins
  9 hobgoblins
  4 jackals (D:2)
  9 kobolds
  2 quokkas
  9 rats
69 creatures vanquished.

Vanquished Creatures (others)
  An ogre (D:4)
1 creature vanquished.

Grand Total: 70 creatures vanquished

Notes
Turn   | Place    | Note
--------------------------------------------------------------
     0 | Abyss:1  | JudasIscariot the Demonspawn Abyssal Knight began the quest for the Orb.
     0 | Abyss:1  | Reached XP level 1. HP: 18/18 MP: 2/2
    13 | D:1      | Escaped the Abyss
   376 | D:1      | Gained mutation: You regenerate a little health from kills. [demonic ancestry]
   376 | D:1      | Reached XP level 2. HP: 24/24 MP: 3/3
   930 | D:2      | Reached ** piety under Lugonu
   931 | D:2      | Reached skill level 1 in Dodging
   941 | D:2      | Gained mutation: You regenerate health from kills. [demonic ancestry]
   941 | D:2      | Reached XP level 3. HP: 29/29 MP: 5/5
  1427 | D:2      | Reached XP level 4. HP: 37/37 MP: 6/6
  1616 | D:3      | Reached skill level 4 in Fighting
  1629 | D:3      | Reached *** piety under Lugonu
  1672 | D:3      | Noticed Grinder
  1672 | D:3      | Paralysed by Grinder for 3 turns
  1682 | D:3      | Banished Grinder
  1682 | D:3      | Reached XP level 5. HP: 16/43 MP: 7/7
  1989 | D:3      | Found a deep blue altar of Sif Muna.
  2587 | D:4      | Noticed an ogre
  2591 | D:4      | Banished an ogre
  2591 | D:4      | Reached XP level 6. HP: 49/49 MP: 9/9
  2607 | D:4      | Found a glowing golden altar of the Shining One.
  2611 | D:4      | Found a stormy altar of Qazlal.
  2611 | D:4      | Found a sparkling altar of Nemelex Xobeh.
  2624 | D:4      | Found a shadowy altar of Dithmenos.
  2628 | D:4      | Found a white marble altar of Elyvilon.
  2726 | D:4      | Noticed a black bear
  2735 | D:4      | HP: 2/49 [black bear (11)]
  2735 | D:4      | Slain by a black bear

Action                   |  1- 3 |  4- 6 || total
-------------------------+-------+-------++-------
Melee: Mace              |   159 |    32 ||   191
       Flail             |       |    66 ||    66
Invok: Banish            |       |     2 ||     2
  Use: Potion            |     1 |       ||     1
  Eat: Chunk             |     2 |     5 ||     7
